 Dungeon Crawl Stone Soup version 0.18.1-6-gd335043 (webtiles) character file.

105 Shtopit the Shield-Bearer (level 4, -4/29 HPs)
             Began as a Gargoyle Fighter on May 16, 2016.
             Slain by epen's ghost (11 damage)
             ... on level 3 of the Dungeon.
             The game lasted 00:03:06 (1577 turns).

Shtopit the Shield-Bearer (Gargoyle Fighter)        Turns: 1577, Time: 00:03:07

Health: -4/29      AC: 11    Str: 21    XL:     4   Next: 81%
Magic:  4/4        EV:  3    Int:  8    God:
Gold:   46         SH:  9    Dex:  9    Spells: 0 memorised, 3 levels left

rFire  . . .     SeeInvis .     a - +0 long sword
rCold  . . .     Gourm    .     b - +0 scale mail
rNeg   + . .     Faith    .     c - +0 shield
rPois  ∞         Spirit   .     e - +0 helmet
rElec  +         Dismiss  .     (no cloak)
rCorr  .         Reflect  .     (no gloves)
SustAt .         Harm     .     (no boots)
MR     .....                    (no amulet)
Stlth  ..........               (no ring)
                                (no ring)

@: not resistant to hostile enchantments, extremely unstealthy
A: negative energy resistance 1, electricity resistance, unbreathing,
petrification resistance, rot immunity, AC +3
a: no special abilities


You were on level 3 of the Dungeon.
You were hungry.

You visited 1 branch of the dungeon, and saw 3 of its levels.

You collected 46 gold pieces.

Inventory:

Hand Weapons
 a - a +0 long sword (weapon)
Missiles
 r - 3 needles of confusion
Armour
 b - a +0 scale mail (worn)
 c - a +0 shield (worn)
 e - a +0 helmet (worn)
Jewellery
 k - an uncursed amulet of magic regeneration {unknown}
 o - a cursed -2 ring of evasion {unknown}
Scrolls
 i - a scroll of recharging {unknown}
 j - a scroll of random uselessness {unknown}
 n - a scroll of noise {unknown}
 q - a scroll of remove curse {unknown}
 s - a scroll of fear {unknown}
Potions
 d - a potion of might
 l - a potion of berserk rage {unknown}
Comestibles
 f - 3 bread rations
 g - 2 meat rations
 h - 2 beef jerkies
 m - a slice of pizza
 p - 5 fruits


   Skills:
 + Level 3.7 Fighting
 + Level 2.2 Long Blades
 + Level 3.9 Armour
 + Level 1.2 Dodging
 + Level 0.5 Stealth
 + Level 4.2 Shields


You had 3 spell levels left.
You didn't know any spells.

Dungeon Overview and Level Annotations

Branches:
Dungeon (3/15)

Altars:
Dithmenos
Xom

Annotations:
D:3 epen's ghost, amateur HOGl


Innate Abilities, Weirdness & Mutations

You are resistant to torment.
Your stone body is resilient (AC +3).
You are immune to poison.
You resist negative energy.
You are resistant to electric shocks.
You can survive without breathing.
You are immune to petrification.
You are immune to rotting.


Message History

Epen's ghost hits you but does no damage.
You hit epen's ghost.
Epen's ghost is heavily damaged.
Epen's ghost closely misses you.
You barely miss epen's ghost.
Epen's ghost is heavily damaged.
You block epen's ghost's attack. Epen's ghost hits you.
You slash epen's ghost!
Epen's ghost is severely damaged.
Epen's ghost barely misses you.
You closely miss epen's ghost.
Epen's ghost is severely damaged.
You block epen's ghost's attack.
You hit epen's ghost.
Epen's ghost is severely damaged.
Epen's ghost ripples.
You block epen's ghost's attack. Epen's ghost hits you!
* * * LOW HITPOINT WARNING * * *
Epen's ghost hits you!
You die...

## ## . .. ..
.. #. .###.
...# #. ......
.....#.##....##
.^^^...........
.^_^..W@....#
..^^...##.!.#
....... ###
#..###. #. #. .
#. ##


You could see epen's ghost.

Vanquished Creatures
  Robin (D:2)
  2 adders (D:2)
  2 worms (D:2)
  3 dart slugs
  A ball python (D:2)
  6 bats
  2 giant cockroaches
  13 goblins
  9 hobgoblins
  3 jackals (D:1)
  6 kobolds
  A quokka (D:2)
  2 giant newts (D:2)
  9 rats
60 creatures vanquished.

Notes
Turn   | Place    | Note
--------------------------------------------------------------
     0 | D:1      | Shtopit the Gargoyle Fighter began the quest for the Orb.
     0 | D:1      | Reached XP level 1. HP: 14/14 MP: 1/1
   136 | D:1      | Reached XP level 2. HP: 19/19 MP: 2/2
   303 | D:1      | Reached XP level 3. HP: 23/23 MP: 3/3
   652 | D:2      | Noticed Robin
   686 | D:2      | Reached skill level 4 in Shields
   693 | D:2      | Reached skill level 1 in Dodging
   705 | D:2      | Killed Robin
   705 | D:2      | Reached XP level 4. HP: 26/29 MP: 4/4
  1352 | D:2      | Found a shadowy altar of Dithmenos.
  1560 | D:3      | Found a shimmering altar of Xom.
  1560 | D:3      | Noticed epen's ghost (amateur HOGl)
  1577 | D:3      | Slain by epen's ghost

Skill      XL: |  1  2  3 |
---------------+----------+-----
Shields        | 4 |  4.2
Dodging        | 1 |  1.2
Long Blades    | 2 |  2.2
Fighting       | |  3.7
Armour         | |  3.9
Stealth        | |  0.5

Action                   |  1- 3 |  4- 6 || total
-------------------------+-------+-------++-------
Melee: Long sword        |   132 |   103 ||   235
  Eat: Chunk             |       |     2 ||     2
Armor: Scale mail        |    92 |    46 ||   138
Dodge: Dodged            |    43 |    32 ||    75
Block: Shield            |    97 |    57 ||   154
